 Dungeon Crawl Stone Soup version 0.31-a0-37-g98a128e1d9 (webtiles) character file.

Game seed: 7090203658498350527

38043 hellse the Stormcaller (level 14, -6/74 HPs)
             Began as a Tengu Conjurer on May 8, 2023.
             Was a High Priest of Vehumet.
             Mangled by a death yak (7 damage)
             ... while petrified by a basilisk
             ... on level 5 of the Lair of Beasts on May 14, 2023.
             The game lasted 00:43:13 (20729 turns).

hellse the Stormcaller (Tengu Conjurer)            Turns: 20729, Time: 00:43:14

Health: -6/74      AC:  5    Str:  7    XL:     14   Next: 0%
Magic:  7/29       EV:  2    Int: 30    God:    Vehumet [*****.]
Gold:   557        SH:  0    Dex: 13    Spells: 2/33 levels left

rFire   + . .        v - staff of conjuration
rCold   . . .        o - +0 buckler
rNeg    + + +        a - +1 robe of the Spheres {rF+ Regen+ rCorr SInv}
rPois   ∞            (helmet restricted)
rElec   .            H - +0 cloak
rCorr   +            l - +0 pair of gloves of Decuhef {Rampage rCorr Stlth+}
SInv    +            (boots unavailable)
Will    +....        e - amulet of faith
Stlth   +++          S - +5 ring of evasion
HPRegen 1.12/turn    L - +6 ring of intelligence
MPRegen 0.21/turn

%: rampage, faith
@: petrified, flying quickly and evasively, quick
A: beak, talons 3, nimble flight
a: Renounce Religion


You were on level 5 of the Lair of Beasts.
You worshipped Vehumet.
Vehumet was extremely pleased with you.
You visited 3 branches of the dungeon, and saw 17 of its levels.

You collected 931 gold pieces.
You spent 374 gold pieces at shops.

Inventory:

Hand Weapons
 k - a +0 spear
 q - a +2 flail of holy wrath
Missiles
 y - 2 throwing nets
Armour
 a - the +1 robe of the Spheres (worn) {rF+ Regen+ rCorr SInv}
   (You found it on level 1 of the Lair of Beasts)

   rF:        It protects you from fire.
   SInv:      It lets you see invisible.
   Regen:     It increases your rate of health regeneration.
   rCorr:     It protects you from acid and corrosion.
 l - the +0 pair of gloves of Decuhef (worn) {Rampage rCorr Stlth+}
   (You found it on level 4 of the Dungeon)

   rCorr:     It protects you from acid and corrosion.
   Rampage:   It bestows one free step when moving towards enemies.
   Stlth:     It makes you more stealthy.
 o - a +0 buckler (worn)
 u - the +0 leather armour of Rownyuh {Rampage rPois rN+}
   (You found it on level 4 of the Dungeon)

   rPois:     It protects you from poison.
   rN:        It protects you from negative energy.
   Rampage:   It bestows one free step when moving towards enemies.
 H - a +0 cloak (worn)
 N - a +2 robe of willpower
Magical Staves
 i - a staff of poison
 v - a staff of conjuration (weapon)
 M - a staff of death
Jewellery
 e - an amulet of faith (around neck)
 t - a ring of willpower
 C - a ring of wizardry
 I - a ring of positive energy
 L - a +6 ring of intelligence (right hand)
 Q - the ring "Neoz" {rElec rC++ SInv}
   (You found it on level 3 of the Lair of Beasts)

   [ring of see invisible]

   rC:        It greatly protects you from cold.
   rElec:     It insulates you from electricity.
   SInv:      It lets you see invisible.
 S - a +5 ring of evasion (left hand)
 W - an amulet of magic regeneration
Wands
 w - a wand of polymorph (5)
 x - a wand of iceblast (9)
 z - a wand of flame (33)
 Z - a wand of paralysis (7)
Scrolls
 c - 2 scrolls of amnesia
 j - 4 scrolls of vulnerability
 m - 5 scrolls of enchant weapon
 n - a scroll of acquirement
 B - 6 scrolls of teleportation
 F - a scroll of fog
 J - 3 scrolls of enchant armour
 O - 4 scrolls of noise
 P - 2 scrolls of magic mapping
 T - 2 scrolls of silence
Potions
 b - 3 potions of magic
 d - 3 potions of heal wounds
 f - 5 potions of brilliance {unknown}
 g - 3 potions of invisibility
 h - 6 potions of curing {unknown}
 p - 3 potions of mutation
 r - 5 potions of resistance
 s - 2 potions of degeneration
 A - a potion of might
 D - a potion of ambrosia {unknown}
 E - 3 potions of attraction {unknown}
 G - 3 potions of lignification {unknown}
 K - 3 potions of cancellation {unknown}
 R - a potion of haste
 V - a potion of berserk rage {unknown}
 Y - a potion of flight


   Skills:
 - Level 3.0 Fighting
 - Level 2.1 Dodging
 - Level 2.0 Stealth
 - Level 3.4 Shields
 - Level 10.0 Spellcasting
 - Level 12.9 Conjurations
 - Level 4.3 Translocations
 - Level 11.2 Fire Magic
 + Level 18.8 Air Magic


You had 2 spell levels left.
You knew the following spells:

 Your Spells              Type           Power      Damage    Failure   Level
a - Magic Dart            Conj           100%       1d8       1%          1
b - Maxwell's Capacitive  Air            45%        ∞         4%          8
c - Blink                 Tloc           80%        N/A       1%          2
d - Iskenderun's Mystic   Conj/Tloc      79%        2d16      1%          4
e - Arcjolt               Conj/Air       52%        1d62      1%          5
f - Plasma Beam           Fire/Air       40%        2x1d59    1%          6
g - Fireball              Conj/Fire      46%        3d18      1%          5

Your spell library contained the following spells:

 Spells                   Type           Power      Damage    Failure   Level
 Freeze                   Ice            60%        1d7       1%          1
 Lesser Beckoning         Tloc           80%        N/A       1%          2
 Momentum Strike          Conj/Tloc      100%       3d10      1%          2
 Searing Ray              Conj           100%       2d8       1%          2
 Beastly Appendage        Tmut           30%        N/A       5%          1
 Sublimation of Blood     Necr           15%        N/A       9%          2
 Wereblood                Tmut           15%        N/A       9%          2
 Dazzling Flash           Conj/Hex       100%       N/A       1%          3
 Hailstorm                Conj/Ice       69%        3d14      1%          3
 Vhi's Electric Charge    Tloc/Air       100%       N/A       1%          3
 Fulminant Prism          Conj/Hex       34%        3d16      1%          4
 Irradiate                Conj/Tmut      34%        3d23      3%          5
 Frozen Ramparts          Ice            30%        1d5       4%          3
 Portal Projectile        Hex/Tloc       54%        N/A       7%          3
 Call Canine Familiar     Summ           15%        N/A       16%         3
 Spider Form              Tmut/Pois      15%        N/A       16%         3
 Leda's Liquefaction      Hex/Erth       7%         N/A       47%         4
 Petrify                  Tmut/Erth      15%        N/A       47%         4


Dungeon Overview and Level Annotations

Branches:
Dungeon (11/15)            Temple (1/1) D:7            Lair (4/5) D:11
 Shoals (0/4) Lair:3       Spider (0/4) Lair:3
  Slime: Lair:4-5       Orc: D:9-12

Altars:
Ashenzari
Dithmenos
Elyvilon
Fedhas
Hepliaklqana
Kikubaaqudgha
Okawaru
Qazlal
Ru
Sif Muna
Trog
Uskayaw
Vehumet
Xom
Yredelemnul

Shops:
D:1 *   D:4 :   D:8 =

Annotations:
D:9 2 transporters


Innate Abilities, Weirdness & Mutations

You have a beak for a mouth.
You have claws for feet.
Your magical nature lets you fly swiftly and evasively.


Message History

Okay, then.
Casting: Plasma Beam (dangerous; 1% risk of failure)
Confirm with . or Enter, or press ? or * to list all spells.
Okay, then.
Okay, then.
Okay, then.
Okay, then.
Press: ? - help, v - describe, . - travel
Here: a death yak (almost dead)
The floor.
Unknown command.
The death yak gores you!! The death yak gores you!
* * * LOW HITPOINT WARNING * * *
Blink to where?
Press: ? - help, Dir - move target
As you read the scroll of blinking, it crumbles to dust.
The basilisk gazes at you.
You easily resist.
Press: ? - help, v - describe, . - travel
Here: a komodo dragon The floor.
The basilisk gazes at you.
You are slowing down.
Unknown command.
You feel much better. The komodo dragon barely misses you.
Your limbs are stiffening.
As you read the scroll of fear, it crumbles to dust.
You assume a fearsome visage.
The basilisk looks frightened!
The death yak resists with almost no effort. x2
The komodo dragon looks frightened!
You have turned to stone.
The death yak gores you but does no damage.
The death yak gores you!! The death yak gores you!! The death yak gores you!
The death yak completely misses you. The death yak gores you!
The death yak gores you! The death yak gores you!!
* * * LOW HITPOINT WARNING * * *
The death yak gores you!!
* * * LOW HITPOINT WARNING * * *
The death yak gores you!
You die...

###....## #......##.#
..#P....# ##..........
.......# ##..†.......
.......# ##...........
.......## #............
.###....#####...........
.##....##.#.#...†.!.....
.#..............YY......
................@.......
........##PP............
.......#####............
........# #.P......###..
.##......#......#### .
###.....###..?..#
.....)# ###...#
#.......# #... .l.....


You could see 2 death yaks.

Vanquished Creatures
  The ghost of workcheese the Severer, a journeyman HOFi of Beogh (D:11)
  A catoblepas (Lair:2)
  2 boulder beetles
  A two-headed ogre (D:9)
  4 death yaks
  4 skysharks
  An orb spider (Lair:3)
  A bog body (Lair:3)
  2 ugly things (D:11)
  2 centaur zombies (D:8)
  A black mamba (Lair:5)
  Maurice (D:8)
  4 elephants (Lair:1)
  A torpor snail (Lair:2)
  8 cane toads
  An ice statue (Lair:3)
  2 centaur skeletons (D:8)
  A gargoyle (D:11)
  An unseen horror (D:10)
  A redback zombie (D:8)
  8 komodo dragons
  A freezing wraith (Lair:3)
  5 rime drakes
  2 kobold demonologists
  An ice devil (Lair:3)
  8 polar bears
  2 hellwings (D:8)
  A troll (D:11)
  2 hornets
  Prince Ribbit (D:8)
  A snapping turtle (Lair:2)
  6 dream sheep (Lair:3)
  3 blink frogs (Lair:4)
  A meliai zombie (D:8)
  A shadow (D:8)
  A wraith (D:9)
  2 wyverns (D:9)
  4 basilisks
  A death yak simulacrum (Lair:3)
  23 yaks
  6 water moccasins
  Edmund (D:5)
  4 ice beasts
  9 orc warriors
  11 black bears
  A sky beast (D:7)
  An ogre (D:7)
  7 wolves
  8 centaurs
  8 kobold brigands (D:11)
  Blork the orc (D:8)
  8 bullfrogs
  A gnoll sergeant (D:8)
  A scorpion (D:5)
  11 wights
  11 killer bees
  5 howler monkeys
  7 hounds
  5 orc priests
  3 jellies (D:5)
  A gnoll bouda (D:9)
  7 iguanas
  Jessica (D:3)
  2 sleepcaps
  Ijyb (D:4)
  9 orc wizards
  A polar bear simulacrum (Lair:3)
  Robin (D:4)
  12 adders
  12 gnolls
  A naga simulacrum (Lair:3)
  4 shadow imps
  An ufetubus (D:5)
  A worm (D:2)
  2 dart slugs
  37 orcs
  6 endoplasms
  A giant cockroach (D:1)
  4 goblins
  16 hobgoblins
  5 kobolds
  2 quokkas
  6 ball pythons
  2 bats
  11 frilled lizards
  6 rats
375 creatures vanquished.

Notes
Turn   | Place    | Note
-------+----------+-------------------------------------------
     0 | D:1      | hellse the Tengu Conjurer began the quest for the Orb.
     0 | D:1      | Reached XP level 1. HP: 10/10 MP: 4/4
   138 | D:1      | Reached XP level 2. HP: 15/15 MP: 1/6
   212 | D:1      | Learned a level 2 spell: Searing Ray
   215 | D:1      | Learned a level 2 spell: Blink
   603 | D:1      | Reached XP level 3. HP: 19/19 MP: 3/7
   733 | D:1      | Found Xolisoin's General Store.
  1719 | D:2      | Found a faded altar of an unknown god.
  1735 | D:2      | Reached XP level 4. HP: 24/24 MP: 4/8
  1884 | D:3      | Noticed Jessica
  1886 | D:3      | Killed Jessica
  2003 | D:3      | Gained mutation: Your magical nature lets you fly swiftly
                  | and evasively. [Tengu growth]
  2003 | D:3      | Reached XP level 5. HP: 18/28 MP: 1/9
  2255 | D:4      | Identified the +0 leather armour of Rownyuh {Rampage rPois
                  | rN+}
  2287 | D:4      | Identified 2 scrolls of acquirement
  2287 | D:4      | Acquired a staff of conjuration
  2337 | D:4      | Identified the +0 pair of gloves of Decuhef {Rampage rCorr
                  | Stlth+}
  2379 | D:4      | Noticed Robin
  2382 | D:4      | Learned a level 4 spell: Iskenderun's Mystic Blast
  2382 | D:4      | Noticed Ijyb
  2384 | D:4      | Killed Robin
  2388 | D:4      | Killed Ijyb
  2838 | D:4      | Found Xiufri's Book Shop.
  2928 | D:4      | Reached skill level 1 in Fighting
  2928 | D:4      | Reached XP level 6. HP: 31/34 MP: 4/12
  3139 | D:5      | Entered Level 5 of the Dungeon
  3181 | D:5      | Reached skill level 1 in Shields
  3707 | D:5      | Noticed Edmund
  3851 | D:5      | Reached XP level 7. HP: 35/38 MP: 5/13
  3928 | D:5      | Reached skill level 1 in Translocations
  4021 | D:5      | Killed Edmund
  4569 | D:5      | Reached XP level 8. HP: 36/43 MP: 4/14
  5127 | D:5      | Reached skill level 10 in Conjurations
  5578 | D:6      | You are sucked into a shaft and drop 1 floor!
  5588 | D:7      | Found an iron altar of Okawaru.
  5769 | D:7      | Reached XP level 9. HP: 23/48 MP: 1/15
  5863 | D:7      | Found a staircase to the Ecumenical Temple.
  5874 | Temple   | Entered the Ecumenical Temple
  5905 | Temple   | Became a worshipper of Vehumet
  6437 | D:3      | Learned a level 5 spell: Arcjolt
  6643 | D:3      | Identified the +1 whip of Disaster {flame, Str+2 Int+2
                  | Dex+3}
  6723 | D:3      | Found a shadowy altar of Dithmenos.
  7005 | D:6      | Reached skill level 2 in Air Magic
  7013 | D:6      | Reached skill level 3 in Air Magic
  7228 | D:6      | Found a basalt altar of Yredelemnul.
  7459 | D:7      | Reached skill level 4 in Air Magic
  7762 | D:7      | Noticed a hornet
  7767 | D:7      | Killed a hornet
  7768 | D:7      | Reached skill level 5 in Air Magic
  7856 | D:7      | Reached skill level 6 in Air Magic
  8364 | D:7      | Reached * piety under Vehumet
  8364 | D:7      | Offered knowledge of Sandblast by Vehumet.
  8365 | D:7      | Reached skill level 7 in Air Magic
  8623 | D:8      | Reached skill level 8 in Air Magic
  8746 | D:8      | Noticed Grum
  8747 | D:8      | Reached skill level 9 in Air Magic
  8747 | D:8      | Reached XP level 10. HP: 28/52 MP: 3/16
  8981 | D:8      | Reached skill level 10 in Air Magic
  9003 | D:8      | Grum changed into Grum the killer bee
  9003 | D:8      | Noticed Grum
  9008 | D:7      | Killed Grum the killer bee
  9239 | D:8      | Noticed Blork the orc
  9251 | D:8      | Killed Blork the orc
  9418 | D:8      | Noticed Maurice
  9612 | D:8      | Killed Maurice
  9613 | D:8      | Reached skill level 5 in Spellcasting
 10286 | D:8      | Offered knowledge of Static Discharge by Vehumet.
 10496 | D:8      | Reached ** piety under Vehumet
 10499 | D:8      | Noticed Prince Ribbit
 10509 | D:8      | Killed Prince Ribbit
 10510 | D:8      | Reached XP level 11. HP: 33/56 MP: 0/24
 10894 | D:8      | Found Rofuom's Jewellery Shoppe.
 10926 | D:8      | Found an ancient bone altar of Kikubaaqudgha.
 10926 | D:8      | Found a shimmering altar of Xom.
 10927 | D:8      | Found a stormy altar of Qazlal.
 11109 | D:4      | Bought a book of Lightning for 374 gold pieces
 11116 | D:4      | Learned a level 6 spell: Plasma Beam
 11226 | D:9      | Reached skill level 1 in Fire Magic
 11334 | D:9      | Found a sacrificial altar of Ru.
 11484 | D:9      | Noticed a two-headed ogre
 11491 | D:9      | Killed a two-headed ogre
 11684 | D:9      | Found a transporter.
 11946 | D:9      | Found a transporter.
 12024 | D:9      | Offered knowledge of Poisonous Vapours by Vehumet.
 12068 | D:9      | Reached skill level 5 in Fire Magic
 12224 | D:9      | Reached *** piety under Vehumet
 12406 | D:9      | Found a transporter.
 12550 | D:9      | Found a transporter.
 12804 | D:10     | Entered Level 10 of the Dungeon
 13027 | D:10     | Offered knowledge of Flame Wave by Vehumet.
 13326 | D:10     | Identified the +6 hand axe of the Dwarven Hall {holy, Fly
                  | rPois MP+9}
 13627 | D:10     | Found a hide-covered altar of Uskayaw.
 13916 | D:11     | Reached **** piety under Vehumet
 13917 | D:11     | Offered knowledge of Ignite Poison by Vehumet.
 14097 | D:11     | Noticed a green ugly thing
 14100 | D:11     | Killed a green ugly thing
 14223 | D:11     | Reached skill level 10 in Fire Magic
 14310 | D:11     | Reached XP level 12. HP: 48/64 MP: 16/25
 14432 | D:11     | Noticed a boulder beetle
 14434 | D:11     | Killed a boulder beetle
 14435 | D:11     | Reached skill level 11 in Air Magic
 14604 | D:11     | Found a runed translucent gate.
 14605 | D:11     | Found a runed translucent gate.
 14606 | D:11     | Found a runed translucent gate.
 14606 | D:11     | Noticed workcheese's ghost (journeyman HOFi)
 14946 | D:11     | Found a staircase to the Lair.
 15096 | D:11     | Reached skill level 12 in Air Magic
 15185 | D:11     | Killed workcheese's ghost
 15376 | Lair:1   | Entered Level 1 of the Lair of Beasts
 15405 | Lair:1   | Upgraded the game from 0.31-a0-16-g6d2539766c to
                  | 0.31-a0-37-g98a128e1d9
 15420 | Lair:1   | Reached skill level 13 in Air Magic
 15632 | Lair:1   | Reached skill level 14 in Air Magic
 16640 | Lair:1   | Identified the +1 robe of the Spheres {rF+ Regen+ rCorr
                  | SInv}
 16714 | Lair:2   | Found a blossoming altar of Fedhas.
 16837 | Lair:2   | Reached ***** piety under Vehumet
 16942 | Lair:2   | Noticed a skyshark
 16946 | Lair:2   | Killed a skyshark
 16946 | Lair:2   | Offered knowledge of Fireball by Vehumet.
 16971 | Lair:2   | Learned a level 5 spell: Fireball
 17321 | Lair:2   | Reached XP level 13. HP: 68/68 MP: 12/27
 17474 | Lair:1   | Reached skill level 10 in Spellcasting
 17862 | Lair:2   | Reached skill level 15 in Air Magic
 18131 | Lair:2   | Learned a level 8 spell: Maxwell's Capacitive Coupling
 18494 | Lair:3   | Found a staircase to the Shoals.
 18824 | Lair:3   | Found a hole to the Spider Nest.
 18855 | Lair:3   | Reached skill level 16 in Air Magic
 19583 | Lair:3   | Reached skill level 17 in Air Magic
 19585 | Lair:3   | Identified the ring "Neoz" {rElec rC++ SInv}
 20437 | Lair:3   | Reached skill level 18 in Air Magic
 20662 | Lair:4   | You are sucked into a shaft and drop 1 floor!
 20662 | Lair:5   | Entered Level 5 of the Lair of Beasts
 20713 | Lair:5   | Reached XP level 14. HP: 56/74 MP: 3/29
 20729 | Lair:5   | HP: 1/74 [death yak (13)]
 20729 | Lair:5   | Mangled by a death yak

Illustrated notes

Levels and vault maps discovered:
D:1:      pf_arrival_petrified_forest, layout_basic, serial_shops,
          nicolae_shop_tiny_glass, minmay_lizard_pond
D:2:      layout_loops_ring, hellmonk_ecumenical_altar_arch_garden
D:3:      layout_basic, grunt_dithmenos_smoke_and_mirrors,
          nicolae_figureground_sparkle, uniq_jessica
D:4:      layout_cave_pools, serial_shops, nicolae_shop_statue_plus,
          corexii_hall_statues_x, nicolae_goblin_pals
D:5:      minmay_thinvault, layout_rooms, hellmonk_bongcloud_opening,
          uniq_edmund
D:6:      layout_rooms, mainiacjoe_overflow_paths
D:7:      layout_basic, mainiacjoe_overflow_alcove_1,
          minmay_temple_entry_proselytizer, kennysheep_generic_room_15
D:8:      cheibrodos_grave_circle, layout_rooms, gammafunk_temple_overflow_claw,
          serial_shops, nicolae_shop_tiny_waterfront, sword_in_stone,
          uniq_maurice, uniq_prince_ribbit1, uniq_grum
D:9:      layout_roguey, nicolae_ru_sacrificial_ziggurat,
          nicolae_diode_intersection
D:10:     layout_rooms, kennysheep_little_box, grunt_decor_resistance
D:11:     layout_stronghold, lair_entry_dummy, gammafunk_ghost_nasty_kobolds,
          centaur_isle
Temple:   eino_temple_water
Lair:1:   layout_cave_pods, ldierk_geyser
Lair:2:   beast_lair_carwin_large_4, layout_chaotic_city, basic_altar,
          lemuel_fruit_tree
Lair:3:   dreamdust_isle_of_ice, layout_gridlike, shoals_dummy_entry,
          nicolae_spider_entry_orb_guardian
Lair:4:   layout_regular_city, grunt_megastairs_3
Lair:5:   grunt_lair_end_beastmaster, layout_small_grid,
          dpeg_slime_entry_corner, gammafunk_ghost_split

Skill      XL: |  1  2  3  4  5  6  7  8  9 10 11 12 13 |
---------------+----------------------------------------+-----
Conjurations   | 6 7 11 12 | 12.9
Spellcasting   | 3 8 9 10 | 10.0
Fighting       | 1 3 |  3.0
Shields        | 3 |  3.4
Translocations | 4 |  4.3
Air Magic      | 9 10 14 18 | 18.8
Fire Magic     | 10 11 | 11.2
Dodging        | |  2.1
Stealth        | |  2.0

Action                     |  1- 3 |  4- 6 |  7- 9 | 10-12 | 13-15 || total
---------------------------+-------+-------+-------+-------+-------++-------
  Melee: Unarmed           |       |     2 |       |       |       ||     2
         Staff             |       |       |     8 |     6 |       ||    14
         Kick              |       |       |     7 |     3 |       ||    10
         Peck              |       |       |       |     2 |       ||     2
   Cast: Magic Dart        |    57 |    67 |    55 |    30 |       ||   209
         Searing Ray       |     1 |    18 |    48 |     4 |       ||    71
         Iskenderun's Myst |       |       |    12 |    25 |       ||    37
         Arcjolt           |       |       |     8 |    88 |     7 ||   103
         Plasma Beam       |       |       |       |    66 |    82 ||   148
         Fireball          |       |       |       |       |     2 ||     2
  Evoke: Wand              |       |     2 |     3 |    15 |     1 ||    21
    Use: Scroll            |       |    11 |     4 |     6 |     6 ||    27
         Potion            |       |     1 |       |       |     1 ||     2
   Stab: Sleeping          |       |       |       |     1 |       ||     1
 Armour: Robe              |     1 |       |     3 |    36 |    10 ||    50
         Leather armour    |       |     4 |     9 |       |       ||    13
  Dodge: Dodged            |     3 |    17 |    30 |   104 |    57 ||   211
  Block: Buckler           |       |     1 |    11 |    26 |    27 ||    65

Table legend: (Time is in decaauts)
 A = Elapsed time spent in this place.
 B = Non-inter-level travel time spent in this place.
 C = Inter-level travel time spent in this place.
 D = Time resting spent in this place.
 E = Time spent auto-exploring this place.
 F = Levels seen in this place.
 G = Mean time per level.
                   A        B        C        D        E       F      G
               +--------+--------+--------+--------+--------+-----+--------+
         Total |  19888 |  18946 |    942 |   6399 |   9935 |  17 | 1169.9 |
       Dungeon |  14832 |  13992 |    840 |   4306 |   7805 |  11 | 1348.4 |
        Temple |     45 |     31 |     14 |      0 |     18 |   1 |   45.0 |
          Lair |   5010 |   4922 |     88 |   2092 |   2111 |   5 | 1002.0 |
               +--------+--------+--------+--------+--------+-----+--------+

Top non-repeatable levels by time:
     D:7: 2530 daAuts
     D:5: 2328 daAuts
  Lair:1: 1713 daAuts
    D:11: 1674 daAuts
  Lair:3: 1653 daAuts
     D:9: 1591 daAuts
     D:8: 1342 daAuts
  Lair:2: 1252 daAuts
     D:1: 1184 daAuts
     D:4: 1033 daAuts
     D:3: 831 daAuts
    D:10: 800 daAuts
     D:2: 765 daAuts
     D:6: 748 daAuts
  Lair:4: 327 daAuts
